 Dungeon Crawl Stone Soup version 0.20.0-10-g0535bb4 (webtiles) character file.

225 George the Cleaver (level 6, -1/51 HPs)
             Began as a Hill Orc Berserker on June 3, 2017.
             Was a Believer of Trog.
             Slain by bli's ghost (5 damage)
             ... in a sewer.
             The game lasted 00:03:46 (2058 turns).

George the Cleaver (Hill Orc Berserker)             Turns: 2058, Time: 00:03:47

Health: -1/51      AC: 10    Str: 22    XL:     6   Next: 1%
Magic:  6/6        EV:  8    Int:  7    God:    Trog [**....]
Gold:   115        SH:  0    Dex: 10    Spells: 5/5 levels left

rFire    . . .     SeeInvis .   a - +0 hand axe
rCold    . . .     Gourm    .   (no shield)
rNeg     . . .     Faith    .   f - +0 chain mail (curse)
rPois    .         Spirit   .   q - +0 helmet
rElec    .         Reflect  .   (no cloak)
rCorr    .         Harm     .   (no gloves)
MR       .....                  i - +0 pair of boots
Stlth    ..........             (no amulet)
Regen    0.2/turn               (no ring)
MPRegen  0.1/turn               (no ring)

@: berserk cooldown, slowed, very slow
A: no striking features
a: Berserk, Trog's Hand, Burn Spellbooks, Renounce Religion


You were in a sewer.
You worshipped Trog.
Trog was pleased with you.
You were not hungry.

You visited 1 branch of the dungeon, and saw 3 of its levels.
You also visited: Sewer.

You collected 115 gold pieces.

Inventory:

Hand Weapons
 a - a +0 hand axe (weapon)
Missiles
 k - 7 javelins of penetration (quivered)
Armour
 f - a cursed +0 chain mail (worn)
 i - a +0 pair of boots (worn)
 q - a +0 helmet (worn)
Scrolls
 g - 2 scrolls of noise {unknown}
 n - a scroll of remove curse {unknown}
 o - a scroll of teleportation {unknown}
 p - 2 scrolls of immolation {unknown}
Potions
 b - a potion of heal wounds {unknown}
 e - a potion of lignification {unknown}
 h - a potion of invisibility {unknown}
 j - a potion of might {unknown}
 l - a potion of berserk rage {unknown}
 m - a potion of cancellation {unknown}
Comestibles
 c - a bread ration
 d - a chunk of flesh


   Skills:
 - Level 3.6 Fighting
 + Level 8.5 Axes
 - Level 2.1 Armour
 - Level 1.5 Dodging


You had 5 spell levels left.
You didn't know any spells.

Dungeon Overview and Level Annotations

Branches:
Dungeon (3/15)

Altars:
Gozag

Annotations:
Sewer bli's ghost, amateur DrCj


Message History

Bli's ghost casts a spell at you. The magic dart hits you!
Bli's ghost points at you and mumbles some strange words.
The magic dart hits you!
* * * LOW HITPOINT WARNING * * *
Throwing (i - inventory):
k - 8 javelins of penetration (quivered)
Press: ? - help, Shift-Dir - straight line, f - bli's ghost
Aim: bli's ghost, wielding a weapon of electrocution (heavily damaged)
You throw a javelin of penetration.
The javelin of penetration pierces through bli's ghost but does no damage.
Bli's ghost is heavily damaged.
Bli's ghost barely misses you.
You closely miss bli's ghost.
Bli's ghost is heavily damaged.
You hit the plant. Bli's ghost hits you.
* * * LOW HITPOINT WARNING * * *
You are electrocuted!
* * * LOW HITPOINT WARNING * * *
Bli's ghost hits you.
You die...

#...'≈≈≈#
#####≈≈≈#
#≈≈≈# #≈≈≈#
#≈≈≈# #≈≈≈#
##++##≈≈≈#
#....#≈≈≈#
###.W@P#≈≈≈#
#....≈≈≈≈≈≈#
##(PPP≈≈≈≈≈#
##...≈≈#≈≈≈#
#...†≈≈#≈≈≈#
#......#≈≈≈#
#......#≈≈≈≈≈
#......#≈≈≈≈≈≈
#......#≈≈≈≈P.


You could see bli's ghost.

Vanquished Creatures
  The ghost of kraktruk the Magician, an amateur DECj (D:3)
  Robin (D:3)
  3 adders (D:2)
  3 oozes
  A worm (D:3)
  A dart slug (D:3)
  4 leopard geckos
  4 bats
  A giant cockroach (Sewer)
  9 goblins
  4 hobgoblins
  6 jackals
  6 kobolds
  2 ball pythons
  8 frilled lizards (D:1)
  8 rats
62 creatures vanquished.

Notes
Turn   | Place    | Note
-------+----------+-------------------------------------------
     0 | D:1      | George the Hill Orc Berserker began the quest for the Orb.
     0 | D:1      | Reached XP level 1. HP: 19/19 MP: 1/1
    80 | D:1      | Reached XP level 2. HP: 20/26 MP: 2/2
   155 | D:1      | Reached skill level 5 in Axes
   580 | D:1      | Reached XP level 3. HP: 29/31 MP: 3/3
   954 | D:2      | Reached skill level 6 in Axes
   971 | D:2      | Reached ** piety under Trog
   971 | D:2      | Reached XP level 4. HP: 32/39 MP: 4/4
  1062 | D:2      | Found an opulent altar of Gozag.
  1497 | D:3      | Noticed kraktruk's ghost (amateur DECj)
  1794 | D:3      | Killed kraktruk's ghost
  1794 | D:3      | Reached skill level 8 in Axes
  1794 | D:3      | Reached XP level 5. HP: 45/45 MP: 5/5
  1895 | D:3      | Noticed Robin
  1908 | D:3      | Killed Robin
  1923 | D:3      | Found a glowing drain.
  1936 | Sewer    | Entered a sewer
  2028 | Sewer    | Noticed bli's ghost (amateur DrCj)
  2032 | Sewer    | Reached XP level 6. HP: 51/51 MP: 6/6
  2058 | Sewer    | Slain by bli's ghost

Skill      XL: |  1  2  3  4 |
---------------+-------------+-----
Axes           | 5 6 8 |  8.5
Fighting       | |  3.6
Armour         | |  2.1
Dodging        | |  1.5

Action                   |  1- 3 |  4- 6 || total
-------------------------+-------+-------++-------
Melee: Hand axe          |    92 |   130 ||   222
Throw: Javelin           |       |     1 ||     1
Invok: Berserk           |       |     3 ||     3
  Use: Scroll            |       |     1 ||     1
  Eat: Chunk             |       |     2 ||     2
       Bread ration      |       |     1 ||     1
Armor: Animal skin       |    14 |       ||    14
       Chain mail        |    17 |    63 ||    80
Dodge: Dodged            |    60 |    57 ||   117
